Map: King Sejong Station LE

Players

Gracz - Winner!

  • Race: Terran Terran
  • League: Silver

Simple

  • Race: Protoss Protoss
  • League: Bronze

VOD

Have the link to the VOD?

Description

Time

  • Played on: Oct. 22, 2016, 12:14 p.m.
  • Length: 13:08
Show
View Real Time Build Order
Export as new Build Order

Gracz Terran - Winner!

Build Orders: 1/1/1, MMM Bio 

Get SALT Encoding   

  12  0:01  SCV  
  13  0:17  Supply Depot  
  13  0:18  SCV  
  14  0:27  Refinery  
  14  0:30  SCV  
  15  0:44  Barracks  
  15  0:48  SCV  
  16  1:02  SCV  
  17  1:06  Refinery  
  17  1:15  SCV  
  18  1:18  Supply Depot  
  18  1:34  Factory  
  18  1:43  Barracks  
  18  1:45  SCV  
  19  2:02  Barracks Tech Lab  
  19  2:05  SCV  
  20  2:17  SCV  
  20  2:20  Starport  
  21  2:26  Factory  
  21  2:35  Orbital Command  
  21  2:43  Barracks Reactor  
  21  2:54  Factory Tech Lab  
  21  2:57  Starport Reactor  
  21  3:08  Stimpack  
  21  3:12  Factory Tech Lab  
  21  3:31  Marine x2  
  21  3:32  Marauder  
  25  3:36  Cyclone  
  29  3:42  Supply Depot  
  29  3:59  Unknown, Command Center  
  19  4:18  Marine x2  
  19  4:22  SCV  
  21  4:41  SCV  
  22  4:46  Marine  
  22  4:50  Cyclone  
  27  4:53  SCV  
  27  4:55  Cyclone  
  32  5:05  SCV  
  33  5:15  Combat Shields  
  33  5:18  SCV  
  33  5:20  Marine x2  
  36  5:27  Unknown  
  36  5:33  Orbital Command  
  36  5:35  Refinery, SCV  
  37  5:46  Medivac  
  37  5:48  SCV  
  40  6:00  SCV  
  40  6:01  Marine x2  
  40  6:03  Marauder  
  45  6:05  Cyclone  
  49  6:17  SCV x2  
  51  6:29  SCV  
  51  6:30  SCV  
  49  6:50  Siege Tank  
  52  6:59  SCV x2  
  54  7:07  Supply Depot  
  54  7:09  Supply Depot  
  54  7:11  Marine x2, SCV x2  
  54  7:12  Marauder  
  60  7:17  Medivac  
  60  7:22  Cyclone  
  66  7:23  Refinery  
  66  7:33  Marine x2  
  66  7:34  Marauder  
  70  7:44  SCV  
  71  7:56  SCV  
  72  8:18  SCV x2  
  74  8:27  Cyclone  
  74  8:28  Cyclone  
  74  8:29  Medivac x2  
  86  8:36  Supply Depot  
  86  8:58  Marine x2, SCV x2, Marauder  
  89  9:10  SCV x2  
  91  9:22  SCV x2  
  89  9:44  Marine x2  
  91  9:46  Marauder  
  93  9:55  Supply Depot  
  93  9:57  SCV  
  94  10:03  Unknown, Command Center  
  94  10:17  Marine x2, Siege Tank, SCV x2  
  101  10:22  Siege Tank  
  101  10:23  Marauder  
  100  10:34  Marine x2  
  102  10:42  Liberator  
  102  10:50  Supply Depot  
  102  10:59  Cyclone x2, Marine, SCV, Marauder  
  104  11:14  Unknown  
  86  11:35  Marine x2  
  86  11:36  Marauder  
  86  11:38  Cyclone x2  
  94  11:45  Medivac  
  94  11:46  Medivac  
  98  11:53  Marine x2  
  96  11:58  Marauder  
  94  12:27  Medivac x2  
  94  12:28  Cyclone  
  94  12:29  Cyclone, Orbital Command  
Show
View Real Time Build Order
Export as new Build Order

Simple Protoss 

Build Orders: Oracle Opening 

Get SALT Encoding   

  12  0:01  Probe (Chrono Boost)  
  13  0:11  Probe (Chrono Boost)  
  14  0:17  Pylon  
  14  0:26  Assimilator  
  15  0:28  Probe (Chrono Boost)  
  15  0:39  Gateway  
  15  0:43  Probe (Chrono Boost)  
  16  0:53  Probe (Chrono Boost)  
  17  1:03  Forge  
  18  1:04  Probe (Chrono Boost)  
  18  1:14  Probe (Chrono Boost)  
  19  1:21  Pylon  
  19  1:27  Cybernetics Core  
  19  1:33  Assimilator  
  19  1:47  Photon Cannon  
  19  1:52  Pylon  
  19  1:53  Probe (Chrono Boost)  
  20  2:03  Probe (Chrono Boost)  
  21  2:10  Stargate  
  21  2:23  Photon Cannon  
  21  2:29  Protoss Air Weapons Level 1  
  21  2:41  Pylon  
  21  2:53  Oracle  
  24  3:02  Robotics Facility  
  24  3:07  Pylon  
  24  3:20  Pylon  
  24  3:25  Zealot  
  26  3:36  Protoss Shields Level 1  
  26  3:44  Probe (Chrono Boost)  
  27  3:55  Mothership Core (Chrono Boost)  
  29  4:24  Warp Gate  
  29  4:39  Observer  
  29  4:40  Unknown, Nexus  
  29  4:42  Pylon  
  29  4:44  Pylon  
  30  4:47  Pylon  
  30  5:00  Observer  
  30  5:04  Twilight Council  
  30  5:06  Photon Cannon  
  31  5:18  Photon Cannon  
  31  5:22  Observer  
  32  5:51  Unknown  
  32  5:56  Probe (Chrono Boost)  
  33  6:00  Photon Cannon  
  33  6:01  Photon Cannon  
  33  6:04  Photon Cannon  
  33  6:05  Photon Cannon  
  33  6:07  Probe (Chrono Boost)  
  31  6:26  Probe (Chrono Boost)  
  31  6:29  Photon Cannon  
  31  6:32  Photon Cannon  
  32  6:34  Pylon  
  32  6:37  Probe (Chrono Boost)  
  33  6:47  Probe (Chrono Boost)  
  34  6:56  Dark Shrine  
  34  6:58  Probe (Chrono Boost)  
  34  7:00  Photon Cannon  
  35  7:06  Assimilator  
  36  7:08  Probe (Chrono Boost)  
  36  7:19  Probe (Chrono Boost)  
  37  7:26  Protoss Shields Level 2  
  37  7:29  Probe (Chrono Boost)  
  38  7:34  Photon Cannon  
  38  7:38  Photon Cannon  
  38  7:40  Probe (Chrono Boost)  
  39  7:50  Probe x2 (Chrono Boost)  
  41  8:01  Probe (Chrono Boost)  
  41  8:03  Fleet Beacon  
  42  8:10  Gateway  
  42  8:11  Probe (Chrono Boost)  
  43  8:13  Gateway  
  43  8:22  Assimilator  
  43  8:31  Pylon  
  43  8:35  Photon Cannon x2  
  43  8:45  Observer  
  44  8:50  Dark Templar  
  46  9:04  Photon Cannon  
  46  9:06  Observer, Photon Cannon  
  46  9:08  Photon Cannon  
  47  9:11  Photon Cannon  
  47  9:14  Pylon  
  44  9:45  Protoss Air Weapons Level 2  
  44  9:48  Photon Cannon  
  44  9:49  Photon Cannon  
  44  10:10  Unknown, Nexus  
  44  10:37  Photon Cannon  
  44  10:45  Photon Cannon  
  44  10:51  Dark Templar x2  
  48  10:58  Dark Templar  
  48  11:03  Photon Cannon  
  50  11:04  Photon Cannon  
  49  11:21  Unknown  
  36  11:38  Dark Templar x2  
  40  11:42  Dark Templar  
  42  12:31  Photon Cannon  
  42  12:33  Stalker  
  44  12:44  Pylon  
  44  12:47  Pylon  
  44  12:50  Assimilator  
  44  12:55  Assimilator  
Tags
 
Add a new tag
Caveats
  • Supply blocks, unpowered buildings, or Contaminate may cause inaccurate times.
  • Supply counts are checked every 10 seconds.